 Dungeon Crawl Stone Soup version 0.30.1 (webtiles) character file.

Game seed: 5327877387374838346

3304 Sanktem7 the Cleaver (level 9, 0/81 HPs)
             Began as a Minotaur Fighter on July 7, 2023.
             Was a Priest of Okawaru.
             Slain by a black bear (1 damage)
             ... on level 7 of the Dungeon.
             The game lasted 00:11:34 (7536 turns).

Sanktem7 the Cleaver (Minotaur Fighter)             Turns: 7536, Time: 00:11:35

Health: 0/81       AC: 14    Str: 25    XL:     9   Next: 70%
Magic:  8/8        EV:  8    Int:  5    God:    Okawaru [***...]
Gold:   493        SH:  5    Dex: 10    Spells: 8/8 levels left

rFire   . . .        a - +4 war axe (heavy) {axe}
rCold   . . .        c - +0 buckler
rNeg    . . .        p - +0 chain mail
rPois   .            (helmet restricted)
rElec   .            r - +1 cloak
rCorr   .            t - +0 pair of gloves
SInv    .            (no boots)
Will    .....        (no amulet) Stlth
                     A - ring of flight
HPRegen 0.33/turn    (no ring)
MPRegen 0.11/turn

%: no passive effects
@: flying, studying Short Blades
A: horns 2, retaliatory headbutt
a: Renounce Religion, Heroism


You were on level 7 of the Dungeon.
You worshipped Okawaru.
Okawaru was most pleased with you.
You visited 2 branches of the dungeon, and saw 8 of its levels.
You also visited: Sewer and Ossuary.

You collected 493 gold pieces.


Innate Abilities, Weirdness & Mutations

You have a pair of horns on your head.
You reflexively headbutt those who attack you in melee.


   Skills:
 + Level 7.8 Fighting
 * Level 10.2 Axes
 + Level 4.5 Throwing
 + Level 7.8 Armour
 + Level 7.8 Shields


You had 8 spell levels left.
You didn't know any spells.
Your spell library was empty.

Inventory:

Hand Weapons
 a - a +4 heavy war axe (weapon) {axe}
 q - a +2 mace of holy wrath {mace}
   (You took it off an orc on level 3 of the Dungeon)
Missiles
 e - 60 stones (quivered) {throwing}
 h - 5 silver boomerangs {throwing}
 m - 21 poisoned darts {throwing}
 u - 12 boomerangs {throwing}
 J - a curare-tipped dart {=fthrowing}
 L - a throwing net {=f!fthrowing}
 M - a boomerang of dispersal {=f!fthrowing}
Armour
 c - a +0 buckler (worn)
 p - a +0 chain mail (worn)
   (You found it on level 2 of the Dungeon)
 r - a +1 cloak (worn)
   (You took it off Crazy Yiuf on level 2 of the Dungeon)
 t - a +0 pair of gloves (worn)
   (You found it on level 3 of the Dungeon)
Jewellery
 A - a ring of flight (left hand)
   (You found it on level 4 of the Dungeon)
 F - a ring of fire
   (You found it on level 5 of the Dungeon)
Scrolls
 b - 2 scrolls of teleportation {@r4}
 j - a scroll of identify {@r1}
 k - 3 scrolls of amnesia
 l - 2 scrolls of blinking {!r}
 x - 2 scrolls of fog
 z - 2 scrolls of noise {!r}
 B - 2 scrolls of fear
 C - a scroll of torment {!r}
 E - 2 scrolls of magic mapping {!r}
 K - a scroll of immolation {!r!r}
Potions
 d - a potion of might
 f - 3 potions of lignification {!q}
 g - 4 potions of resistance
 i - 2 potions of attraction {!q}
 n - a potion of heal wounds {@q2}
 o - 4 potions of curing {@q1}
 s - a potion of invisibility {unknown}
 v - 3 potions of degeneration {!q@e2}
 w - 2 potions of magic
 D - 4 potions of mutation {unknown}
 H - 3 potions of flight {unknown}

Dungeon Overview and Level Annotations

Branches:
Dungeon (7/15) Zot: 26104  Temple (1/1) D:4 Zot: 5985   Sewer (visited)
Ossuary (visited)

Altars:
Ashenzari
Cheibriados
Fedhas
Gozag
Hepliaklqana
Kikubaaqudgha
Makhleb
Nemelex Xobeh
Okawaru
Ru
Sif Muna
Trog
Wu Jian
Yredelemnul
The Shining One

Annotations:
D:7 1 transporter, wingedge's ghost, novice HuWn

#########
#######.......#####
#.................##
#.##.....####©###..##
#.##.##### ###.##..#
#.#..#....# .....##.#
#.#.##...#. .#....#.#
######.#.#.....h#h.##..#.##
....#....#©.##Yh@W.#...#..#
.........#.....#Yy...#.##.#
.....#...##.##..=###....#.#
.....##...#....$$?..#..##.#
..........##.?##### .###..#
.....#.....####.©.####...##
.....##................###
##...<.......#.#......##
...............###...##


You could see a moth of wrath, a yak (berserk), 3 black bears, an ice beast
(berserk) and wingedge's ghost.


Message History

f - 3 potions of lignification
As you read the scroll of identify {@r1}, it crumbles to dust.
i - 2 potions of attraction
As you read the scroll of identify {@r1}, it crumbles to dust.
w - 2 potions of magic
As you read the scroll labelled OLLARI QYADINK, it crumbles to dust.
The air around you briefly surges with heat, but it dissipates.
It was a scroll of immolation.
As you read the scroll labelled ZEMOMM TIFRI, it crumbles to dust.
Your body is wracked with pain!
It was a scroll of torment. 😮 HP[-39]
You take 39 damage, and now have 41/80 hp.
MASSIVE DAMAGE!! (PAUSE)
You start resting. 😎 HP[+39]
Your hp is fully restored (80).
Okay, then.
You drop a +2 dagger of venom {short}.
You drop a +2 short sword of freezing {short}.
The moth of wrath's fur bristles in rage as it notices you.
There is a transporter here.
You enter the transporter and appear at another place.
The black bear growls angrily.
The yak bellows!
The black bear growls angrily.
Wingedge's ghost turns its malevolent gaze towards you.
You slice the ice beast!! The ice beast closely misses you.
You furiously retaliate!
You headbutt the ice beast!
You kill the ice beast!
Okawaru accepts your kill.
The moth of wrath goads the ice beast on!
The ice beast goes berserk!
Wingedge's ghost says, "You must not fail where I succeeded!"
You block wingedge's ghost's attack. The ice beast barely misses you.
The moth of wrath goads the black bear on!
The black bear goes berserk!
The moth of wrath goads the yak on!
The yak goes berserk! 😎 HP[+1]
You now have 81 max hp (+1).
Your hp is fully restored (81).
You barely miss wingedge's ghost. You slash the black bear!
You closely miss the black bear. You slice the ice beast!!
The black bear bites you but does no damage.
You block the black bear's attack. The black bear claws you.
The ice beast hits you. The ice beast freezes you!
The black bear closely misses you. You furiously retaliate!
You headbutt the black bear. The black bear claws you.
The black bear misses you. Wingedge's ghost hits you! The black bear bites you.
The black bear claws you but does no damage.
The black bear claws you. The ice beast hits you. The ice beast freezes you!
* * * LOW HITPOINT WARNING * * *
😨 HP[-43]
You take 43 damage, and now have 38/81 hp.
MASSIVE DAMAGE!! (PAUSE)
You hit the black bear. You closely miss the ice beast. You hit the black bear.
You slice wingedge's ghost!! You slash the moth of wrath!
You hit the black bear. You block the black bear's attack.
The black bear claws you but does no damage. x2
The yak rages.
The ice beast hits you but does no damage.
You block the black bear's attack. The black bear barely misses you.
The black bear claws you but does no damage.
The black bear goes berserk!
Wingedge's ghost hits you.
* * * LOW HITPOINT WARNING * * *
The black bear bites you but does no damage.
The black bear claws you.
* * * LOW HITPOINT WARNING * * *
The black bear claws you but does no damage.
The ice beast hits you but does no damage.
The moth of wrath bites you but does no damage.
The black bear bites you.
* * * LOW HITPOINT WARNING * * *
The black bear closely misses you.
The black bear claws you but does no damage.
Wingedge's ghost hits you.
* * * LOW HITPOINT WARNING * * *
The black bear bites you but does no damage.
The black bear claws you but does no damage. x2
The black bear bites you but does no damage.
The black bear claws you.
* * * LOW HITPOINT WARNING * * *
The black bear closely misses you. 😨 HP[-12]
You take 12 damage, and now have 26/81 hp.
You slice the black bear!! You barely miss the moth of wrath.
You closely miss the black bear. You hit the ice beast.
You slash the black bear! You barely miss wingedge's ghost.
The ice beast hits you.
* * * LOW HITPOINT WARNING * * *
The ice beast freezes you!
* * * LOW HITPOINT WARNING * * *
The black bear bites you!
* * * LOW HITPOINT WARNING * * *
The black bear claws you but does no damage.
The black bear claws you.
* * * LOW HITPOINT WARNING * * *
The moth of wrath bites you but does no damage.
You block the black bear's attack. The black bear closely misses you.
The black bear claws you.
You die...

Skill      XL: |  1  2  3  4  5  6  7  8  9 |
---------------+----------------------------+-----
Axes           | 3 4 5 6 7 8 10 | 10.2
Fighting       | 4 5 6 7 |  7.8
Shields        | 4 5 6 7 |  7.8
Armour         | 4 5 6 7 |  7.8
Throwing       | 1 3 4 |  4.5

Action                     |  1- 3 |  4- 6 |  7- 9 || total
---------------------------+-------+-------+-------++-------
  Melee: War axe           |    71 |   111 |   312 ||   494
         Headbutt          |    11 |    13 |    49 ||    73
    Use: Scroll            |       |       |    22 ||    22
 Armour: Scale mail        |    42 |    11 |       ||    53
         Chain mail        |       |    29 |   247 ||   276
  Dodge: Dodged            |    37 |    51 |   130 ||   218
  Block: Buckler           |    16 |    19 |    87 ||   122

Levels and vault maps discovered:
D:1:      minmay_arrival_up_and_down, layout_rooms
D:2:      layout_basic, basic_altar, ebering_ecumenical_altar_abandoned,
          uniq_crazy_yiuf_cottage
D:3:      layout_basic, nicolae_overflow_squiral, serial_corexii_hall,
          chequers_hall_statues_y, corexii_hall_statues_s,
          chequers_hall_statues_corner_a, corexii_hall_statues_l,
          kennysheep_generic_room_16
D:4:      layout_basic, minmay_temple_entry_sparse_star, minmay_small_thing,
          uniq_menkaure
D:5:      layout_basic
D:6:      layout_loops_corners, gup_sewer_entry_glass, minivault_4
D:7:      layout_cave_pools, nicolae_ossuary_entry_catacombs,
          gammafunk_ghost_berserking_beasts, minmay_hedge_maze
Temple:   nicolae_temple_bog_church

Notes
Turn   | Place    | Note
-------+----------+-------------------------------------------
     0 | D:1      | Sanktem7 the Minotaur Fighter began the quest for the Orb.
     0 | D:1      | Reached XP level 1. HP: 19/19 MP: 0/0
     0 | D:1      | magus.rc [v1.9.6]
   101 | D:1      | Reached XP level 2. HP: 27/27 MP: 1/1
   208 | D:1      | Reached skill level 3 in Axes
   489 | D:1      | Reached skill level 4 in Fighting
   489 | D:1      | Reached skill level 4 in Shields
   643 | D:2      | Reached XP level 3. HP: 33/33 MP: 2/2
   680 | D:2      | Reached skill level 4 in Armour
   691 | D:2      | HP: 8/33 [gnoll/+0 whip (3)]
   824 | D:2      | Reached XP level 4. HP: 40/40 MP: 3/3
   881 | D:2      | Found a faded altar of an unknown god.
   933 | D:2      | Found a glowing golden altar of the Shining One.
  1045 | D:2      | Reached skill level 4 in Axes
  1327 | D:2      | Found a runed translucent door.
  1328 | D:2      | Noticed Crazy Yiuf
  1530 | D:2      | Killed Crazy Yiuf
  1531 | D:2      | Reached XP level 5. HP: 13/47 MP: 4/4
  1531 | D:2      | HP: 11/47 [poisoned by Crazy Yiuf]
  1536 | D:2      | HP: 5/47 [poisoned by Crazy Yiuf]
  2041 | D:3      | Found a burning altar of Makhleb.
  2065 | D:3      | Found a sparkling altar of Nemelex Xobeh.
  2174 | D:3      | Reached skill level 5 in Axes
  2674 | D:4      | Found a staircase to the Ecumenical Temple.
  2683 | Temple   | Entered the Ecumenical Temple
  2690 | Temple   | Became a worshipper of Warmaster Okawaru
  2713 | D:4      | Noticed Menkaure
  2720 | D:4      | HP: 9/47 [??? (7)]
  2722 | D:4      | Killed Menkaure
  2723 | D:4      | Reached skill level 5 in Fighting
  2723 | D:4      | Reached skill level 5 in Armour
  2723 | D:4      | Reached skill level 5 in Shields
  2723 | D:4      | Reached XP level 6. HP: 12/56 MP: 5/5
  3465 | D:5      | Entered Level 5 of the Dungeon
  3471 | D:5      | Reached skill level 6 in Axes
  3471 | D:5      | Reached XP level 7. HP: 61/61 MP: 6/6
  3696 | D:5      | Reached * piety under Okawaru
  3697 | D:5      | Reached skill level 1 in Throwing
  4077 | D:5      | Reached skill level 7 in Axes
  4231 | D:5      | Reached skill level 6 in Fighting
  4231 | D:5      | Reached skill level 6 in Armour
  4231 | D:5      | Reached skill level 6 in Shields
  4231 | D:5      | Reached XP level 8. HP: 50/70 MP: 7/7
  4648 | D:6      | Reached skill level 2 in Throwing
  4870 | D:6      | Found a glowing drain.
  4905 | Sewer    | Entered a sewer
  5088 | Sewer    | Reached ** piety under Okawaru
  5089 | Sewer    | Reached skill level 8 in Axes
  5704 | D:6      | Reached skill level 3 in Throwing
  6104 | D:6      | Reached skill level 7 in Fighting
  6104 | D:6      | Reached skill level 7 in Shields
  6104 | D:6      | Reached XP level 9. HP: 76/79 MP: 8/8
  6260 | D:6      | Reached skill level 9 in Axes
  6260 | D:6      | Reached skill level 7 in Armour
  6594 | D:7      | Found a sand-covered staircase.
  6602 | Ossuary  | Entered an ossuary
  6626 | Ossuary  | Reached skill level 4 in Throwing
  6797 | Ossuary  | Reached *** piety under Okawaru
  7030 | D:7      | Reached skill level 10 in Axes
  7136 | D:7      | Found a transporter.
  7139 | D:7      | Noticed a moth of wrath
  7139 | D:7      | Noticed wingedge's ghost (novice HuWn)
  7177 | D:7      | Found a transporter.
  7536 | D:7      | HP: 16/81 [ice beast (9)]
  7536 | D:7      | HP: 5/81 [black bear (11)]
  7536 | D:7      | HP: 1/81 [black bear (4)]
  7536 | D:7      | Slain by a black bear

Vanquished Creatures
  A steam dragon (D:6)
  Menkaure (D:4)
  3 ice beasts
  2 ogres
  3 centaurs
  2 elf zombies
  2 kobold brigands (Sewer)
  2 phantoms
  5 scorpions
  A gnoll sergeant (D:6)
  A bullfrog (D:6)
  An elf skeleton (D:7)
  3 wights (D:7)
  3 centaur zombies (Ossuary)
  Crazy Yiuf (D:2)
  A gnoll bouda (D:5)
  An orc priest (D:7)
  3 hounds
  2 human skeletons (D:7)
  4 jellies
  A sleepcap (D:6)
  3 iguanas
  9 orc wizards
  A hound zombie (Ossuary)
  3 mummies (Ossuary)
  11 adders
  17 gnolls
  2 river rats (Sewer)
  A shadow imp (D:5)
  A white imp (D:6)
  3 ufetubi
  3 adder zombies (Ossuary)
  4 worms (Sewer)
  3 dart slugs
  19 orcs
  16 ball pythons
  A bat (D:2)
  11 endoplasms
  4 giant cockroaches
  A gnoll zombie (Ossuary)
  7 goblins
  10 hobgoblins
  18 kobolds
  9 quokkas
  5 frilled lizards
  4 goblin zombies (Ossuary)
  2 hobgoblin zombies (Ossuary)
  3 jackal zombies (Ossuary)
  3 kobold zombies (Ossuary)
  An orc skeleton (D:7)
  An orc zombie (D:7)
  6 quokka zombies (Ossuary)
  6 rats
  6 rat zombies (Ossuary)
237 creatures vanquished.

Table legend:
 A = Non-vault XP
 B = Vault XP
 C = Vault XP percentage of total XP
 D = Non-vault monster count
 E = Vault monster count
 F = Vault count percentage of total count
                 A         B        C        D         E       F
            +---------+---------+-------+---------+---------+-------
      Total |    3355 |    1366 |  28.9 |     156 |      81 |  34.2
            +---------+---------+-------+---------+---------+-------
        D:1 |      39 |       0 |   0.0 |      24 |       0 |   0.0
        D:2 |     122 |      42 |  25.6 |      26 |       1 |   3.7
        D:3 |     152 |      11 |   6.7 |      27 |       2 |   6.9
        D:4 |      61 |     247 |  80.2 |      13 |       3 |  18.8
        D:5 |     822 |       0 |   0.0 |      19 |       0 |   0.0
        D:6 |    1193 |      30 |   2.5 |      24 |       4 |  14.3
        D:7 |     966 |     392 |  28.9 |      23 |       7 |  23.3
      Sewer |       0 |     295 | 100.0 |       0 |      28 | 100.0
    Ossuary |       0 |     349 | 100.0 |       0 |      36 | 100.0
            +---------+---------+-------+---------+---------+-------

Skill      XL: |  1  2  3  4  5  6  7  8  9 |
---------------+----------------------------+-----
Axes           | 3 4 5 6 7 8 10 | 10.2
Fighting       | 4 5 6 7 |  7.8
Shields        | 4 5 6 7 |  7.8
Armour         | 4 5 6 7 |  7.8
Throwing       | 1 3 4 |  4.5

Action                     |  1- 3 |  4- 6 |  7- 9 || total
---------------------------+-------+-------+-------++-------
  Melee: War axe           |    71 |   111 |   312 ||   494
         Headbutt          |    11 |    13 |    49 ||    73
    Use: Scroll            |       |       |    22 ||    22
 Armour: Scale mail        |    42 |    11 |       ||    53
         Chain mail        |       |    29 |   247 ||   276
  Dodge: Dodged            |    37 |    51 |   130 ||   218
  Block: Buckler           |    16 |    19 |    87 ||   122

Illustrated notes

Table legend:
 A = Kills in this place as a percentage of kills in the entire game.
 B = Kills by you in this place as a percentage of kills by you in the entire game.
 C = Kills by friends in this place as a percentage of kills by friends in the entire game.
 D = Other kills in this place as a percentage of other kills in the entire game.
 E = Experience gained in this place as a percentage of experience gained in the entire game.
 F = Experience gained in this place divided by the number of levels of this place that you have seen.
                   A       B       C       D       E      F
               +-------+-------+-------+-------+-------+----------------------
         Total | 100.0 | 100.0 |   N/A |   N/A | 100.0 | 472.1
       Dungeon |  73.0 |  73.0 |   N/A |   N/A |  86.4 | 582.4
         Sewer |  11.8 |  11.8 |   N/A |   N/A |   6.2 | 295.0
       Ossuary |  15.2 |  15.2 |   N/A |   N/A |   7.4 | 349.0
               +-------+-------+-------+-------+-------+----------------------

Table legend: (Time is in decaauts)
 A = Elapsed time spent in this place.
 B = Non-inter-level travel time spent in this place.
 C = Inter-level travel time spent in this place.
 D = Time resting spent in this place.
 E = Time spent auto-exploring this place.
 F = Levels seen in this place.
 G = Mean time per level.
                   A        B        C        D        E       F      G
               +--------+--------+--------+--------+--------+-----+--------+
         Total |   7707 |   7551 |    156 |    327 |   5520 |  10 |  770.7 |
       Dungeon |   6660 |   6504 |    156 |    327 |   4803 |   7 |  951.4 |
        Temple |     14 |     14 |      0 |      0 |      0 |   1 |   14.0 |
         Sewer |    744 |    744 |      0 |      0 |    573 |   1 |  744.0 |
       Ossuary |    287 |    287 |      0 |      0 |    144 |   1 |  287.0 |
               +--------+--------+--------+--------+--------+-----+--------+

Top non-repeatable levels by time:
     D:5: 1190 daAuts
     D:2: 1107 daAuts
     D:6: 1069 daAuts
     D:3: 958 daAuts
     D:7: 894 daAuts
     D:4: 784 daAuts
   Sewer: 744 daAuts
     D:1: 656 daAuts
 Ossuary: 287 daAuts
  Temple: 14 daAuts
